 Dungeon Sprint DCSS version 0.17-a0-1714-g35622ae (webtiles) character file.

104 patman the Ducker (level 4, 19/39 HPs)
             Began as a Naga Assassin on Aug 23, 2015.
             Quit the game in the Dungeon (Sprint IX: "|||||||||||||||||||||||||||||").
             The game lasted 00:01:13 (156 turns).

patman the Ducker (Naga Assassin)                    Turns: 156, Time: 00:01:13

Health: 19/39      AC:  3    Str: 13    XL:     4   Next: 80%
Magic:  4/4        EV: 14    Int: 11    God:
Gold:   0          SH:  0    Dex: 14    Spells: 0 memorised, 3 levels left

rFire  . . .     SeeInvis +     a - +2 dagger
rCold  . . .     Clarity  .     c - +0 robe
rNeg   . . .     SustAt   .     (no shield)
rPois  +         Gourm    .     (no helmet)
rElec  .         Spirit   .     d - +0 cloak
rCorr  .         Warding  .     (no gloves)
rMut   .         NoTele   +     (no barding)
MR     .....                    (no amulet)
Stlth  +++.......               (no ring)
                                (no ring)

@: very slow, not resistant to hostile enchantments, fairly stealthy
A: see invisible, deformed body, poison resistance, slowness 2, slow metabolism
1, spit poison 2, AC +1
a: Spit Poison


You were in the Dungeon.
You were not hungry.

You visited 1 branch

Inventory:

Hand weapons
 a - a +2 dagger (weapon)
 b - a +0 blowgun
Missiles
 e - 8 poisoned needles
 f - 2 curare-tipped needles
Armour
 c - a +0 robe (worn)
 d - a +0 cloak (worn)
Jewellery
 q - a +3 ring of intelligence
 r - a +2 ring of protection
Magical devices
 p - a wand of draining (7)
Scrolls
 m - 2 scrolls of blinking
 n - 3 scrolls of remove curse
 o - 2 scrolls of amnesia
Potions
 h - 5 potions of curing
 j - a potion of invisibility
 k - 4 potions of magic
 l - 2 potions of heal wounds
Comestibles
 g - a bread ration
 i - 2 chunks of flesh


   Skills:
 - Level 2.0 Fighting
 - Level 2.0 Short Blades
 - Level 1.7 Throwing
 + Level 7.6 Dodging
 - Level 5.8 Stealth


You had 3 spell levels left.
You didn't know any spells.

Dungeon Overview and Level Annotations

Branches:
Dungeon (1/1)

Altars:
Cheibriados
Dithmenos
Elyvilon
Fedhas
Gozag
Kikubaaqudgha
Makhleb
Nemelex Xobeh
Okawaru
Qazlal
Ru
Sif Muna
Trog
Vehumet
Xom
Yredelemnul
Zin
The Shining One
Beogh
Jiyva
Lugonu


Innate Abilities, Weirdness & Mutations

You cannot wear boots.
Your serpentine skin is tough (AC +1).
You have supernaturally acute eyesight.
Armour fits poorly on your strangely shaped body.
Your system is resistant to poisons.
You cover ground very slowly.
You have a slow metabolism.
You can spit poison.


Message History

l - 2 potions of heal wounds;
h - 5 potions of curing (gained 4)
Found a +2 ring of protection.
n - 3 scrolls of remove curse;
o - 2 scrolls of amnesia
m - 2 scrolls of blinking (gained 1)
p - a wand of draining (7)
You see here an uncursed staff of energy.
Items here: ))))))
Okay, then.
Unknown command.
You see here a +0 helmet.
You see here a +0 pair of gloves.
You see here a +1 scale mail.
q - a +3 ring of intelligence
r - a +2 ring of protection You see here a +1 scale mail.
You see here a +0 pair of gloves.
You see here a +0 helmet.
Items here: ))))))
You see here an uncursed staff of energy.
Are you sure you want to abandon this character and quit the game? (Confirm with "yes".) ▓▓▓▓▓▓▓▓▓▓▓▓▓▓▓▓▓▓▓▓▓▓▓▓▓▓ +..[[[)|.@'_______________ ▓▓▓▓▓▓▓▓▓▓▓▓▓▓▓▓▓▓▓▓▓▓▓▓▓▓

There were no monsters in sight!

Vanquished Creatures
  A sky beast (D)
  2 adders (D)
  An orc (D)
  A bat (D)
  3 giant newts (D)
  2 rats (D)
10 creatures vanquished.

Notes
Turn   | Place    | Note
--------------------------------------------------------------
     0 | D        | patman the Naga Assassin began the quest for the Orb.
     0 | D        | Reached XP level 1. HP: 19/19 MP: 1/1
     6 | D        | Reached skill level 1 in Dodging
    44 | D        | Noticed a sky beast
    55 | D        | Reached XP level 2. HP: 25/26 MP: 2/2
    64 | D        | Killed a sky beast
    64 | D        | Reached skill level 7 in Dodging
    64 | D        | Reached XP level 3. HP: 13/32 MP: 3/3
    64 | D        | Reached XP level 4. HP: 15/39 MP: 4/4
   109 | D        | Found a glowing silver altar of Zin.
   109 | D        | Found a glowing golden altar of the Shining One.
   109 | D        | Found an ancient bone altar of Kikubaaqudgha.
   109 | D        | Found a basalt altar of Yredelemnul.
   109 | D        | Found a shimmering altar of Xom.
   109 | D        | Found a radiant altar of Vehumet.
   110 | D        | Found an iron altar of Okawaru.
   111 | D        | Found a burning altar of Makhleb.
   112 | D        | Found a deep blue altar of Sif Muna.
   113 | D        | Found a bloodstained altar of Trog.
   114 | D        | Found a sparkling altar of Nemelex Xobeh.
   115 | D        | Found a white marble altar of Elyvilon.
   116 | D        | Found a roughly hewn altar of Beogh.
   117 | D        | Found a viscous altar of Jiyva.
   118 | D        | Found a corrupted altar of Lugonu.
   119 | D        | Found a blossoming altar of Fedhas.
   120 | D        | Found a snail-covered altar of Cheibriados.
   121 | D        | Found a shadowy altar of Dithmenos.
   122 | D        | Found a stormy altar of Qazlal.
   123 | D        | Found an opulent altar of Gozag.
   124 | D        | Found a sacrificial altar of Ru.
   156 | D        | Quit the game

Vault maps used:
D:        linesprint

Action                   |  1- 3 |  4- 6 || total
-------------------------+-------+-------++-------
Melee: Dagger            |    24 |     7 ||    31
 Abil: Spit Poison       |     1 |     1 ||     2
  Use: Potion            |     2 |     1 ||     3
 Stab: Sleeping          |     3 |       ||     3
